 Dungeon Crawl Stone Soup version 0.26-a0-259-g1effd001a9 (webtiles) character file.

Game seed: 11843219794979034110

14 bmfx the Skirmisher (level 2, 0/24 HPs)
             Began as a Human Abyssal Knight on July 24, 2020.
             Was a Follower of Lugonu.
             Slain by a leopard gecko (2 damage)
             ... on level 1 of the Dungeon.
             The game lasted 00:03:09 (764 turns).

bmfx the Skirmisher (Human Abyssal Knight)           Turns: 764, Time: 00:03:10

Health: 0/24       AC:  3    Str: 12    XL:     2   Next: 55%
Magic:  3/3        EV: 11    Int: 12    God:    Lugonu [*.....]
Gold:   7          SH:  0    Dex: 12    Spells: 1/1 levels left

rFire    . . .     SeeInvis .   a - +1 spear
rCold    . . .     Faith    .   (no shield)
rNeg     . . .     Spirit   .   b - +0 leather armour
rPois    .         Reflect  .   (no helmet)
rElec    .         Harm     .   (no cloak)
rCorr    .                      (no gloves)
MR       .....                  (no boots)
Stlth    +.........             (no amulet)
HPRegen  0.08/turn              (no ring)
MPRegen  0.08/turn              (no ring)

@: about to teleport
A: no striking features
a: Depart the Abyss, Renounce Religion


You were on level 1 of the Dungeon.
You worshipped Lugonu.
Lugonu was aware of your devotion.
You were not hungry.

You visited 1 branch of the dungeon, and saw 2 of its levels.
You visited the Abyss 1 time.

You collected 7 gold pieces.

Dungeon Overview and Level Annotations

Branches:
Dungeon (2/15)

Altars:

Annotations:
D:2 exclusion: jackal, Sigmund


   Skills:
 - Level 3.0 Fighting
 + Level 3.0 Polearms
 - Level 2.0 Armour
 - Level 1.0 Dodging
 - Level 2.0 Invocations


You had one spell level left.
You didn't know any spells.
Your spell library was empty.

Action                   || total
-------------------------++-------
Melee: Spear             ||    30
Throw: Stone             ||     9
  Use: Scroll            ||     1
Armor: Leather armour    ||     4
Dodge: Dodged            ||    12

Skill      XL: |  1  2 |
---------------+-------+-----
Polearms       | 3 |  3.0
Fighting       | |  3.0
Armour         | |  2.0
Dodging        | |  1.0
Invocations    | |  2.0

Inventory:

Hand Weapons
 a - a +1 spear (weapon)
Missiles
 s - 23 stones (quivered)
Armour
 b - a +0 leather armour (worn)
Scrolls
 f - a scroll of teleportation {@r1}
 g - a scroll of noise {unknown}
Potions
 c - a potion of degeneration {unknown}
 e - a potion of heal wounds {unknown}
Comestibles
 d - 2 rations

#........####.....
#.>...............
###........########.
#....$....... #.
#..g####...... #.
#.g.# #....... #.
#..g# #....... #.
#.Kl# #...... #.
#..@# #... ## #...#
#...# ##### #...#
#.... ##### #....
#.... ####. #♣ ♣


You could see a leopard gecko, 3 hobgoblins and a kobold.

Vanquished Creatures
  An ooze (D:2)
  A dart slug (D:1)
  A leopard gecko (D:2)
  2 hobgoblins (D:2)
  A kobold (D:1)
  A rat (D:1)
7 creatures vanquished.

Vanquished Creatures (others)
  A plant (D:1)
1 creature vanquished.

Grand Total: 8 creatures vanquished

Levels and vault maps discovered:
D:1:      mrwooster_arrival_statue, layout_basic, serial_forest,
          infiniplex_forest_straight_4, infiniplex_forest_lined_4_way,
          infiniplex_forest_straight_4, infiniplex_forest_lined_2,
          infiniplex_forest_pool, infiniplex_forest_clump_diagonal,
          infiniplex_forest_zigzag_2
D:2:      layout_loops_ring, minmay_misc_feat_roman, supply_closet_lemuel,
          uniq_sigmund


Message History

Sigmund points at you and mumbles some strange words.
The magic dart hits you.
You see here a leopard gecko skeleton.
There is a stone staircase leading up here.
You climb upwards.
The leopard gecko bites you. The kobold barely misses you.
The hobgoblin hits you but does no damage.
The leopard gecko bites you. The kobold closely misses you.
There is a stone staircase leading down, spattered with blood here.
The leopard gecko closely misses you.
The leopard gecko hisses menacingly.
The leopard gecko bites you.
* * * LOW HITPOINT WARNING * * *
The leopard gecko bites you but does no damage.
The kobold closely misses you.
As you read the scroll labeled HYAMMA LOIRUO, it crumbles to dust.
You feel strangely unstable.
It was a scroll of teleportation.
The leopard gecko closely misses you. The kobold hits you with a +0 whip.
* * * LOW HITPOINT WARNING * * *
The leopard gecko bites you.
You die...

Notes
Turn   | Place    | Note
-------+----------+-------------------------------------------
     0 | Abyss:1  | bmfx the Human Abyssal Knight began the quest for the Orb.
     0 | Abyss:1  | Reached XP level 1. HP: 18/18 MP: 2/2
     9 | D:1      | Escaped the Abyss
   512 | D:2      | Reached XP level 2. HP: 24/24 MP: 3/3
   680 | D:2      | Noticed Sigmund
   764 | D:1      | Slain by a leopard gecko
